TOP OF THE 1ST |
Oregon State University Beavers batting - Pitching for University of Virginia Cavaliers : RHP Fita Muzorewa
|
Pitching: RHP Fita Muzorewa
|
|
Batting: SHB Eric Robertson
|
0-0: Called Strike 0-1: Swinging Strike 0-2: Strikes out swinging
|
Batting: LHB Pablo Fraga
|
0-0: Called Strike 0-1: Swinging Strike 0-2: Strikes out swinging
|
Batting: RHB Steve Webb
|
0-0: Ball 1-0: Called Strike 1-1: Ball 2-1: Foul Ball, location: 2F 2-2: Ball 3-2: Foul Ball, location: 2F 3-2: Base on Balls
|
Batting: LHB Fred Bal
|
0-0: Ground out 4-3 (Groundball, 4, EV 106.2 MPH)
|
Top of the 1st over - 0 runs, 0 hits, 0 errors, 1 left on base; Oregon State University 0 - University of Virginia 0 |
BOTTOM OF THE 1ST |
University of Virginia Cavaliers batting - Pitching for Oregon State University Beavers : RHP Rob Carson
|
Pitching: RHP Rob Carson
|
|
Batting: SHB Ethan Lewis
|
0-0: Ball 1-0: Foul Ball, location: 2F 1-1: Swinging Strike 1-2: Ball 2-2: Strikes out swinging
|
Batting: LHB Ray Nichter
|
0-0: Ground out 4-3 (Groundball, 4MD, EV 92.5 MPH)
|
Batting: RHB Luke Bertrand
|
0-0: Ball 1-0: Called Strike 1-1: Swinging Strike 1-2: Strikes out looking
|
Bottom of the 1st over - 0 runs, 0 hits, 0 errors, 0 left on base; Oregon State University 0 - University of Virginia 0 |
TOP OF THE 2ND |
Oregon State University Beavers batting - Pitching for University of Virginia Cavaliers : RHP Fita Muzorewa
|
Batting: LHB Jon Hamilton
|
0-0: Ball 1-0: Foul Ball, location: 2F 1-1: Ball 2-1: Foul Ball, location: 2F 2-2: Foul Ball, location: 2F 2-2: Ground out 4-3 (Groundball, 4, EV 82.5 MPH)
|
Batting: RHB Israel Soto
|
0-0: Ball 1-0: Foul Ball, location: 2F 1-1: Ball 2-1: Swinging Strike 2-2: Strikes out swinging
|
Batting: LHB Brock Darby
|
0-0: Called Strike 0-1: Ball 1-1: Swinging Strike 1-2: Ball 2-2: Ball 3-2: Ground out U3 (Groundball, 3, EV 105.0 MPH)
|
Top of the 2nd over - 0 runs, 0 hits, 0 errors, 0 left on base; Oregon State University 0 - University of Virginia 0 |
BOTTOM OF THE 2ND |
University of Virginia Cavaliers batting - Pitching for Oregon State University Beavers : RHP Rob Carson
|
Batting: RHB Leo Baxter
|
0-0: Called Strike 0-1: Ball 1-1: Foul Ball, location: 2F 1-2: Strikes out swinging
|
Batting: RHB Rob Coble
|
0-0: Ball 1-0: Swinging Strike 1-1: Foul Ball, location: 2F 1-2: Ball 2-2: Foul Ball, location: 2F 2-2: Ball 3-2: SOLO HOME RUN (Flyball, 7LD, EV 96.2 MPH), Distance : 359 ft
|
Batting: RHB Rob Price
|
0-0: Foul Ball, location: 2F 0-1: Fly out, F6 (Popup, P, EV 84.4 MPH)
|
Batting: RHB Allen McCaskill
|
0-0: Ball 1-0: Called Strike 1-1: Foul Ball, location: 2F 1-2: Strikes out looking
|
Bottom of the 2nd over - 1 run, 1 hit, 0 errors, 0 left on base; Oregon State University 0 - University of Virginia 1 |
TOP OF THE 3RD |
Oregon State University Beavers batting - Pitching for University of Virginia Cavaliers : RHP Fita Muzorewa
|
Batting: SHB Chris Gartner
|
0-0: Ground out 1-3 (Groundball, 15, EV 71.9 MPH)
|
Batting: RHB Oscar Munoz
|
0-0: Called Strike 0-1: Ball 1-1: Foul Ball, location: 2F 1-2: Ball 2-2: Fly out, F3 (Popup, 3SF, EV 81.2 MPH)
|
Batting: SHB Eric Robertson
|
0-0: Swinging Strike 0-1: Ball 1-1: Foul Ball, location: 2F 1-2: Foul Ball, location: 2F 1-2: Ball 2-2: Ball 3-2: Fly out, F8 (Flyball, 8RD, EV 95.6 MPH)
|
Top of the 3rd over - 0 runs, 0 hits, 0 errors, 0 left on base; Oregon State University 0 - University of Virginia 1 |
BOTTOM OF THE 3RD |
University of Virginia Cavaliers batting - Pitching for Oregon State University Beavers : RHP Rob Carson
|
Batting: LHB Eddie Vidalez
|
0-0: Ball 1-0: Foul Ball, location: 2F 1-1: Reached on error, E6 (Groundball, 6, EV 88.8 MPH)
|
Batting: RHB Dustin Medford
|
0-0: SINGLE (Groundball, 6MD, EV 96.2 MPH) Eddie Vidalez to second
|
Batting: SHB Ethan Lewis
|
0-0: Called Strike 0-1: Fielders Choice at 2nd, 4-6 (Groundball, 34, EV 79.4 MPH) Eddie Vidalez to third
|
Batting: LHB Ray Nichter
|
0-0: Ball 1-0: Ball Ethan Lewis is caught stealing 2nd base 2-6 2-0: Called Strike 2-1: Foul Ball, location: 2F 2-2: Ground out 4-3 (Groundball, 4, EV 101.9 MPH)
|
Bottom of the 3rd over - 0 runs, 1 hit, 1 error, 1 left on base; Oregon State University 0 - University of Virginia 1 |
TOP OF THE 4TH |
Oregon State University Beavers batting - Pitching for University of Virginia Cavaliers : RHP Fita Muzorewa
|
Batting: LHB Pablo Fraga
|
0-0: Ball 1-0: Ball 2-0: Ball 3-0: Called Strike 3-1: Foul Ball, location: 2F 3-2: DOUBLE (Groundball, 3L, EV 101.2 MPH)
|
Batting: RHB Steve Webb
|
0-0: Ball 1-0: Ball 2-0: Called Strike 2-1: Swinging Strike 2-2: Foul Ball, location: 2F 2-2: Strikes out swinging
|
Batting: LHB Fred Bal
|
0-0: Ball 1-0: Ball 2-0: Foul Ball, location: 2F 2-1: Foul Ball, location: 2F 2-2: Ball 3-2: Strikes out swinging
|
Batting: LHB Jon Hamilton
|
0-0: Ball 1-0: Foul Ball, location: 2F 1-1: Ball 2-1: Foul Ball, location: 2F 2-2: Ball 3-2: Reached on error, E4 (Groundball, 4, EV 84.4 MPH) Pablo Fraga to third
|
Batting: RHB Israel Soto
|
0-0: Called Strike 0-1: Hit by Pitch Jon Hamilton to second
|
Batting: LHB Brock Darby
|
0-0: Foul Ball, location: 2F 0-1: Swinging Strike 0-2: Ball 1-2: Strikes out looking
|
Top of the 4th over - 0 runs, 1 hit, 1 error, 3 left on base; Oregon State University 0 - University of Virginia 1 |
BOTTOM OF THE 4TH |
University of Virginia Cavaliers batting - Pitching for Oregon State University Beavers : RHP Rob Carson
|
Batting: RHB Luke Bertrand
|
0-0: Ball 1-0: Foul Ball, location: 2F 1-1: Ground out 6-3 (Groundball, 6, EV 106.2 MPH)
|
Batting: RHB Leo Baxter
|
0-0: Ball 1-0: Foul Ball, location: 2F 1-1: SINGLE (Groundball, 34D, EV 106.9 MPH)
|
Batting: RHB Rob Coble
|
0-0: Fly out, F9 (Flyball, 89M, EV 86.2 MPH)
|
Batting: RHB Rob Price
|
0-0: Called Strike 0-1: Fielders Choice at 2nd, 5-4 (Groundball, 56, EV 101.9 MPH)
|
Bottom of the 4th over - 0 runs, 1 hit, 0 errors, 1 left on base; Oregon State University 0 - University of Virginia 1 |
TOP OF THE 5TH |
Oregon State University Beavers batting - Pitching for University of Virginia Cavaliers : RHP Fita Muzorewa
|
Batting: SHB Chris Gartner
|
0-0: Ball 1-0: Called Strike 1-1: Swinging Strike 1-2: Ball 2-2: Strikes out swinging
|
Pitching: RHP Joe Miller
|
|
Batting: RHB Oscar Munoz
|
0-0: Called Strike 0-1: Swinging Strike 0-2: Ball 1-2: Foul Ball, location: 2F 1-2: Ball 2-2: Strikes out swinging
|
Batting: SHB Eric Robertson
|
0-0: Ball 1-0: Ball 2-0: Reached on error, E3 (Groundball, 34, EV 110.0 MPH)
|
Batting: LHB Pablo Fraga
|
0-0: Ground out 2-3 (Groundball, 15S, EV 68.8 MPH)
|
Top of the 5th over - 0 runs, 0 hits, 1 error, 1 left on base; Oregon State University 0 - University of Virginia 1 |
BOTTOM OF THE 5TH |
University of Virginia Cavaliers batting - Pitching for Oregon State University Beavers : RHP Rob Carson
|
Batting: RHB Allen McCaskill
|
0-0: Ball 1-0: Ball 2-0: Swinging Strike 2-1: Foul Ball, location: 2F 2-2: Strikes out swinging
|
Batting: LHB Eddie Vidalez
|
0-0: Ball 1-0: Foul Ball, location: 2F 1-1: Foul Ball, location: 2F 1-2: Ground out 3-1 (Groundball, 34S, EV 91.9 MPH)
|
Batting: RHB Dustin Medford
|
0-0: Ball 1-0: Ball 2-0: Called Strike 2-1: Ball 3-1: Foul Ball, location: 2F 3-2: Base on Balls
|
Batting: SHB Ethan Lewis
|
0-0: Called Strike 0-1: Foul Ball, location: 2F 0-2: Foul Ball, location: 2F 0-2: Ball 1-2: Ground out 4-3 (Groundball, 13, EV 86.2 MPH)
|
Bottom of the 5th over - 0 runs, 0 hits, 0 errors, 1 left on base; Oregon State University 0 - University of Virginia 1 |
TOP OF THE 6TH |
Oregon State University Beavers batting - Pitching for University of Virginia Cavaliers : RHP Joe Miller
|
Batting: RHB Steve Webb
|
0-0: Ball 1-0: Called Strike 1-1: Swinging Strike 1-2: Fly out, F8 (Flyball, 8RD, EV 104.4 MPH)
|
Batting: LHB Fred Bal
|
0-0: Ball 1-0: Ball 2-0: Swinging Strike 2-1: Called Strike 2-2: DOUBLE (Flyball, 8LD, EV 99.4 MPH)
|
Batting: LHB Jon Hamilton
|
0-0: Ball 1-0: Ball 2-0: Ground out U3 (Groundball, 34, EV 86.9 MPH) Fred Bal to third
|
Batting: RHB Israel Soto
|
0-0: Ball 1-0: Foul Ball, location: 2F 1-1: Ball 2-1: SINGLE (Groundball, 34S, EV 73.1 MPH) (infield hit) Fred Bal scores
|
Batting: LHB Brock Darby
|
0-0: Ball 1-0: Ball 2-0: Ball 3-0: Base on Balls Israel Soto to second
|
Batting: SHB Chris Gartner
|
0-0: Ball 1-0: Ground out U3 (Groundball, 3, EV 99.4 MPH)
|
Top of the 6th over - 1 run, 2 hits, 0 errors, 2 left on base; Oregon State University 1 - University of Virginia 1 |
BOTTOM OF THE 6TH |
University of Virginia Cavaliers batting - Pitching for Oregon State University Beavers : RHP Rob Carson
|
Batting: LHB Ray Nichter
|
0-0: Ball 1-0: Swinging Strike 1-1: Foul Ball, location: 2F 1-2: Foul Ball, location: 2F 1-2: Ball 2-2: Strikes out swinging
|
Batting: RHB Luke Bertrand
|
0-0: Called Strike 0-1: Called Strike 0-2: Ball 1-2: Foul Ball, location: 2F 1-2: Reached on error, E6 (Groundball, 6, EV 88.1 MPH)
|
Pitching: RHP Nick Henry
|
|
Batting: RHB Leo Baxter
|
0-0: Ball 1-0: Ball Luke Bertrand steals 2nd, throwing error, E2 Luke Bertrand to third 2-0: Ground out 5-3 (Groundball, 25, EV 86.2 MPH)
|
Batting: RHB Rob Coble
|
0-0: Ball 1-0: Ball 2-0: Ball 3-0: Called Strike 3-1: Base on Balls
|
Batting: RHB Rob Price
|
0-0: Ball 1-0: Swinging Strike 1-1: Called Strike 1-2: Ball 2-2: Reached on error, E6 (Groundball, 6, EV 79.4 MPH) Luke Bertrand scores Rob Coble to second
|
Batting: RHB Allen McCaskill
|
0-0: Ball 1-0: Called Strike 1-1: Ground out 4-3 (Groundball, 4, EV 79.4 MPH)
|
Bottom of the 6th over - 1 run, 0 hits, 3 errors, 2 left on base; Oregon State University 1 - University of Virginia 2 |
TOP OF THE 7TH |
Oregon State University Beavers batting - Pitching for University of Virginia Cavaliers : RHP Joe Miller
|
Pitching: RHP Tofik Javakhov
|
|
Batting: LHB Jason Trevarrow
|
0-0: Ball 1-0: Called Strike 1-1: Ball 2-1: Called Strike 2-2: Ball 3-2: Foul Ball, location: 2F 3-2: Foul Ball, location: 2F 3-2: Base on Balls
|
Batting: SHB Eric Robertson
|
0-0: Ball 1-0: Bunted foul 1-1: Bunt missed! 1-2: Ball 2-2: Ball 3-2: Foul Ball, location: 2F 3-2: Fly out, F8 (Line Drive, 8LD, EV 87.5 MPH)
|
Batting: LHB Pablo Fraga
|
0-0: Swinging Strike 0-1: Ball 1-1: Swinging Strike 1-2: Foul Ball, location: 2F 1-2: Ball 2-2: Ball 3-2: Strikes out looking
|
Batting: RHB Steve Webb
|
0-0: Ball 1-0: Called Strike 1-1: Swinging Strike 1-2: Ball 2-2: Foul Ball, location: 2F 2-2: Foul Ball, location: 2F 2-2: Ball 3-2: Base on Balls Jason Trevarrow to second
|
Batting: LHB Fred Bal
|
0-0: Called Strike 0-1: Ball 1-1: Swinging Strike 1-2: Ball 2-2: Foul Ball, location: 2F 2-2: Strikes out swinging
|
Top of the 7th over - 0 runs, 0 hits, 0 errors, 2 left on base; Oregon State University 1 - University of Virginia 2 |
BOTTOM OF THE 7TH |
University of Virginia Cavaliers batting - Pitching for Oregon State University Beavers : RHP Nick Henry
|
Pitching: RHP Peka Nara
|
|
Batting: LHB Eddie Vidalez
|
0-0: Ball 1-0: Ground out 5-3 (Groundball, 5, EV 99.4 MPH)
|
Batting: RHB Dustin Medford
|
0-0: Ball 1-0: Ball 2-0: Called Strike 2-1: Foul Ball, location: 2F 2-2: Foul Ball, location: 2F 2-2: Ball 3-2: Fly out, F9 (Flyball, 9LM, EV 93.8 MPH)
|
Batting: SHB Ethan Lewis
|
0-0: Called Strike 0-1: Ball 1-1: Called Strike 1-2: Ball 2-2: Ball 3-2: Foul Ball, location: 2F 3-2: Foul Ball, location: 2F 3-2: Fly out, F8 (Flyball, 8LD, EV 93.1 MPH)
|
Bottom of the 7th over - 0 runs, 0 hits, 0 errors, 0 left on base; Oregon State University 1 - University of Virginia 2 |
TOP OF THE 8TH |
Oregon State University Beavers batting - Pitching for University of Virginia Cavaliers : RHP Tofik Javakhov
|
Pitching: RHP Vince Connell
|
|
Batting: LHB Jon Hamilton
|
0-0: Foul Ball, location: 2F 0-1: Called Strike 0-2: Ground out U3 (Groundball, 3, EV 80.6 MPH)
|
Batting: RHB Israel Soto
|
0-0: Called Strike 0-1: Ball 1-1: Swinging Strike 1-2: Fly out, F9 (Flyball, 9S, EV 93.8 MPH)
|
Batting: LHB Brock Darby
|
0-0: Called Strike 0-1: Called Strike 0-2: Ball 1-2: Ball 2-2: Ball 3-2: Base on Balls
|
Batting: SHB Chris Gartner
|
0-0: Ground out 1-3 (Groundball, 25, EV 75.0 MPH)
|
Top of the 8th over - 0 runs, 0 hits, 0 errors, 1 left on base; Oregon State University 1 - University of Virginia 2 |
BOTTOM OF THE 8TH |
University of Virginia Cavaliers batting - Pitching for Oregon State University Beavers : RHP Peka Nara
|
Batting: LHB Ray Nichter
|
0-0: Ball 1-0: Swinging Strike 1-1: Foul Ball, location: 2F 1-2: Foul Ball, location: 2F 1-2: Strikes out swinging
|
Batting: RHB Luke Bertrand
|
0-0: Ball 1-0: Called Strike 1-1: Called Strike 1-2: Strikes out swinging
|
Batting: RHB Leo Baxter
|
0-0: Ball 1-0: Foul Ball, location: 2F 1-1: Called Strike 1-2: Strikes out looking
|
Bottom of the 8th over - 0 runs, 0 hits, 0 errors, 0 left on base; Oregon State University 1 - University of Virginia 2 |
TOP OF THE 9TH |
Oregon State University Beavers batting - Pitching for University of Virginia Cavaliers : RHP Vince Connell
|
Pitching: RHP Gregory Reader
|
|
Now at 2B: Jason Thresher
|
|
Batting: LHB Jason Trevarrow
|
0-0: Foul Ball, location: 2F 0-1: Called Strike 0-2: Ball 1-2: Strikes out swinging
|
Batting: SHB Eric Robertson
|
0-0: Called Strike 0-1: Ball 1-1: Fly out, F7 (Flyball, 7LS, EV 91.2 MPH)
|
Batting: LHB Pablo Fraga
|
0-0: Ball 1-0: Called Strike 1-1: Ball 2-1: Foul Ball, location: 2F 2-2: Foul Ball, location: 2F 2-2: Foul Ball, location: 2F 2-2: Ground out U3 (Groundball, 3L, EV 99.4 MPH)
|
Top of the 9th over - 0 runs, 0 hits, 0 errors, 0 left on base; Oregon State University 1 - University of Virginia 2 |
|